[ AOE2 MATCH · #470359382 ]
UnrankedTeutons vs Bulgarians
Player's team · WIN
Rival team · LOSS
[ REPLAY ANALYSIS · EXTRACTED FROM THE RECORDED GAME ]
Feudal
—
Castle
8:09
Imperial
23:44
| APM avg | 23.2 |
| APM peak | 43 |
| eAPM avg | 16.3 |
| Villagers / military | 94 / 162 |
Focus
⚔️ 45.6% · 🌾 54.4%
Spearman ×107 · Knight ×41 · Trebuchet (Packed) ×10 · Mangonel ×2 · Battering Ram ×2
Feudal
—
Castle
8:33
Imperial
23:28
| APM avg | 47.0 |
| APM peak | 91 |
| eAPM avg | 25.9 |
| Villagers / military | 154 / 105 |
Focus
⚔️ 29.7% · 🌾 70.3%
Spearman ×30 · Knight ×26 · Monk ×23 · Konnik ×22 · Battering Ram ×4
Match map
Initial resources + every placement click. Lines = walls · curves = elevation contours. ◆ gold · ⬟ stone · ● berries · ✦ relic · ◌ wall gap
Your base· Open — 1t gap
gua's base· Open — 7t gap
Smoothed initial terrain · ◌ = detected wall gap · hover for details
Inputs per minute
— marijndestoyer - - gua
Build order — marijndestoyer
First 150 of 348 actions detected
| 0:03 | Create | Villager (Male) |
| 0:03 | Create | Villager (Male) |
| 0:12 | Research | Double-Bit Axe |
| 0:20 | Build | Palisade Gate |
| 0:24 | Build | House |
| 0:26 | Build | Palisade Wall |
| 0:31 | Build | Palisade Gate |
| 0:38 | Build | Palisade Wall |
| 0:40 | Create | Villager (Male) |
| 0:42 | Create | Spearman |
| 0:47 | Build | Farm |
| 0:50 | Build | Farm |
| 0:56 | Build | Farm |
| 1:04 | Build | Palisade Gate |
| 1:07 | Build | Palisade Wall |
| 1:18 | Build | House |
| 1:19 | Build | House |
| 1:20 | Build | House |
| 1:22 | Build | House |
| 1:27 | Create | Villager (Male) |
| 1:35 | Build | House |
| 1:37 | Build | House |
| 1:39 | Build | House |
| 1:43 | Build | Palisade Gate |
| 1:50 | Create | Villager (Male) |
| 1:50 | Create | Villager (Male) |
| 2:04 | Build | House |
| 2:06 | Build | Palisade Wall |
| 2:10 | Build | House |
| 2:11 | Build | Palisade Wall |
| 2:13 | Build | House |
| 2:16 | Build | House |
| 2:19 | Build | Palisade Gate |
| 2:21 | Build | House |
| 2:23 | Build | Palisade Wall |
| 2:30 | Create | Villager (Male) |
| 2:30 | Create | Villager (Male) |
| 2:37 | Build | Stable |
| 2:41 | Create | Villager (Male) |
| 2:57 | Build | Farm |
| 3:36 | Build | Farm |
| 3:39 | Create | Villager (Male) |
| 3:46 | Build | Farm |
| 3:49 | Build | Farm |
| 3:53 | Build | Farm |
| 3:57 | Build | Farm |
| 4:03 | Build | Farm |
| 4:07 | Build | Farm |
| 4:10 | Create | Villager (Male) |
| 4:14 | Build | Farm |
| 4:16 | Create | Villager (Male) |
| 4:25 | Build | Stable |
| 4:47 | Build | Farm |
| 4:59 | Build | Farm |
| 5:02 | Build | Farm |
| 5:07 | Build | Farm |
| 5:14 | Build | Farm |
| 5:29 | Research | Castle Age |
| 5:43 | Research | Gold Mining |
| 6:10 | Research | Bloodlines |
| 6:56 | Build | Barracks |
| 6:59 | Research | Scale Barding Armor |
| 7:04 | Research | Forging |
| 7:19 | Research | Man-at-Arms (upgrade) |
| 7:35 | Build | Stable |
| 8:09 | Age | Castle Age |
| 8:12 | Build | Town Center |
| 8:14 | Create | Villager (Male) |
| 8:17 | Create | Knight |
| 8:18 | Create | Knight |
| 8:21 | Create | Knight |
| 8:25 | Create | Villager (Male) |
| 8:33 | Create | Knight |
| 8:35 | Create | Knight |
| 8:37 | Create | Knight |
| 8:45 | Create | Villager (Male) |
| 9:00 | Research | Horse Collar |
| 9:12 | Create | Knight |
| 9:18 | Research | Wheelbarrow |
| 9:30 | Create | Knight |
| 9:44 | Research | Heavy Plow |
| 10:29 | Research | Chain Barding Armor |
| 10:33 | Create | Villager (Male) |
| 10:35 | Create | Villager (Male) |
| 10:53 | Create | Villager (Male) |
| 11:10 | Build | Monastery |
| 11:12 | Create | Spearman |
| 11:13 | Create | Spearman |
| 11:13 | Create | Spearman |
| 11:13 | Create | Spearman |
| 11:15 | Create | Spearman |
| 11:16 | Create | Villager (Male) |
| 11:17 | Create | Villager (Male) |
| 11:17 | Create | Villager (Male) |
| 11:20 | Create | Knight |
| 11:33 | Build | Farm |
| 11:36 | Build | Farm |
| 11:51 | Create | Knight |
| 11:52 | Create | Knight |
| 11:56 | Build | Farm |
| 12:00 | Build | Farm |
| 12:06 | Build | Farm |
| 12:15 | Create | Spearman |
| 12:16 | Create | Spearman |
| 12:16 | Create | Spearman |
| 12:16 | Create | Spearman |
| 12:26 | Build | Farm |
| 12:28 | Create | Villager (Male) |
| 12:29 | Create | Villager (Male) |
| 12:43 | Research | Pikeman (upgrade) |
| 12:54 | Build | Farm |
| 12:57 | Create | Villager (Male) |
| 12:58 | Create | Villager (Male) |
| 13:05 | Build | Town Center |
| 13:14 | Create | Knight |
| 13:14 | Create | Knight |
| 13:20 | Create | Spearman |
| 13:20 | Create | Spearman |
| 13:31 | Build | Farm |
| 13:41 | Build | Farm |
| 13:42 | Create | Villager (Male) |
| 13:43 | Create | Villager (Male) |
| 13:44 | Create | Villager (Male) |
| 13:44 | Create | Villager (Male) |
| 13:47 | Create | Spearman |
| 13:48 | Create | Spearman |
| 13:48 | Create | Spearman |
| 14:18 | Create | Villager (Male) |
| 14:23 | Create | Villager (Male) |
| 14:27 | Research | Devotion |
| 14:30 | Create | Spearman |
| 14:30 | Create | Spearman |
| 14:31 | Create | Spearman |
| 14:31 | Create | Spearman |
| 14:43 | Create | Villager (Male) |
| 14:51 | Build | Siege Workshop |
| 15:03 | Build | Mining Camp |
| 15:06 | Create | Villager (Male) |
| 15:06 | Create | Villager (Male) |
| 15:15 | Create | Villager (Male) |
| 15:16 | Research | Stone Mining |
| 15:20 | Create | Villager (Male) |
| 15:22 | Create | Villager (Male) |
| 15:22 | Create | Villager (Male) |
| 15:30 | Create | Spearman |
| 15:30 | Create | Spearman |
| 15:30 | Create | Spearman |
| 15:30 | Create | Spearman |
| 15:59 | Create | Villager (Male) |
| 16:36 | Build | Barracks |
Build order — gua
First 150 of 410 actions detected
| 0:03 | Create | Villager (Male) |
| 0:04 | Research | Double-Bit Axe |
| 0:29 | Create | Villager (Male) |
| 0:43 | Build | House |
| 0:55 | Create | Villager (Male) |
| 0:58 | Create | Villager (Male) |
| 1:13 | Build | Palisade Gate |
| 1:19 | Research | Horse Collar |
| 1:41 | Build | Palisade Gate |
| 1:44 | Build | Stable |
| 1:47 | Create | Villager (Male) |
| 1:52 | Build | Farm |
| 1:53 | Build | Farm |
| 2:00 | Build | Farm |
| 2:12 | Build | Palisade Gate |
| 2:14 | Build | House |
| 2:14 | Build | House |
| 2:18 | Create | Villager (Male) |
| 2:22 | Build | Farm |
| 2:23 | Build | Farm |
| 2:37 | Create | Villager (Male) |
| 2:46 | Build | House |
| 2:57 | Create | Villager (Male) |
| 3:02 | Build | Farm |
| 3:16 | Build | Mill |
| 3:25 | Create | Villager (Male) |
| 3:39 | Build | Farm |
| 3:45 | Build | House |
| 3:46 | Build | House |
| 4:00 | Create | Villager (Male) |
| 4:01 | Build | Farm |
| 4:02 | Build | Farm |
| 4:24 | Build | Farm |
| 4:33 | Create | Villager (Male) |
| 4:55 | Build | Market |
| 4:57 | Build | House |
| 4:58 | Build | Palisade Wall |
| 5:03 | Create | Villager (Male) |
| 5:10 | Build | Farm |
| 5:28 | Create | Villager (Male) |
| 5:46 | Research | Castle Age |
| 5:51 | Research | Gold Mining |
| 6:17 | Research | Bloodlines |
| 7:23 | Research | Forging |
| 7:23 | Research | Forging |
| 7:24 | Research | Scale Barding Armor |
| 8:04 | Build | Stable |
| 8:25 | Create | Villager (Male) |
| 8:33 | Age | Castle Age |
| 8:35 | Research | Bow Saw |
| 8:41 | Build | Monastery |
| 8:47 | Create | Villager (Male) |
| 8:48 | Create | Villager (Male) |
| 9:05 | Build | Town Center |
| 9:12 | Create | Knight |
| 9:12 | Create | Knight |
| 9:20 | Research | Iron Casting |
| 9:20 | Research | Iron Casting |
| 9:28 | Create | Monk |
| 9:32 | Create | Monk |
| 9:46 | Create | Knight |
| 9:47 | Create | Knight |
| 10:14 | Create | Knight |
| 10:15 | Create | Knight |
| 10:55 | Create | Villager (Male) |
| 11:11 | Build | Archery Range |
| 11:17 | Build | Mill |
| 11:27 | Build | Farm |
| 11:28 | Build | Farm |
| 11:33 | Create | Monk |
| 11:41 | Create | Villager (Male) |
| 11:41 | Create | Villager (Male) |
| 11:54 | Create | Villager (Male) |
| 11:59 | Create | Villager (Male) |
| 12:00 | Research | Stone Mining |
| 12:10 | Research | Town Watch |
| 12:10 | Research | Wheelbarrow |
| 12:12 | Create | Knight |
| 12:12 | Create | Knight |
| 12:17 | Research | Chain Barding Armor |
| 12:19 | Create | Villager (Male) |
| 12:24 | Create | Monk |
| 12:26 | Create | Villager (Male) |
| 12:30 | Create | Villager (Male) |
| 12:42 | Create | Villager (Male) |
| 12:49 | Research | Fletching |
| 13:02 | Create | Villager (Male) |
| 13:05 | Create | Villager (Male) |
| 13:07 | Create | Villager (Male) |
| 13:09 | Create | Villager (Male) |
| 13:20 | Create | Knight |
| 13:20 | Create | Knight |
| 13:23 | Create | Villager (Male) |
| 13:31 | Create | Villager (Male) |
| 13:32 | Create | Villager (Male) |
| 13:34 | Create | Villager (Male) |
| 13:41 | Build | University |
| 14:01 | Create | Knight |
| 14:01 | Create | Knight |
| 14:15 | Build | Mining Camp |
| 14:17 | Create | Villager (Male) |
| 14:21 | Build | Farm |
| 14:25 | Research | Heavy Plow |
| 14:40 | Create | Knight |
| 14:41 | Create | Knight |
| 14:50 | Build | Farm |
| 14:54 | Build | Farm |
| 15:00 | Build | Farm |
| 15:05 | Build | Farm |
| 15:08 | Research | Hand Cart |
| 15:10 | Create | Villager (Male) |
| 15:11 | Build | Farm |
| 15:19 | Create | Villager (Male) |
| 15:22 | Create | Knight |
| 15:23 | Create | Knight |
| 15:34 | Build | House |
| 15:35 | Build | House |
| 15:37 | Build | House |
| 15:47 | Build | Farm |
| 15:54 | Build | Farm |
| 15:56 | Build | Farm |
| 15:59 | Build | Farm |
| 16:13 | Create | Villager (Male) |
| 16:30 | Create | Monk |
| 16:30 | Create | Monk |
| 16:34 | Create | Villager (Male) |
| 16:35 | Create | Knight |
| 16:36 | Create | Knight |
| 16:37 | Create | Villager (Male) |
| 16:39 | Create | Villager (Male) |
| 16:43 | Create | Villager (Male) |
| 16:57 | Create | Villager (Male) |
| 17:00 | Create | Villager (Male) |
| 17:05 | Create | Villager (Male) |
| 17:11 | Build | Krepost |
| 17:19 | Build | Lumber Camp |
| 17:20 | Create | Villager (Male) |
| 17:27 | Create | Monk |
| 17:28 | Create | Knight |
| 17:29 | Create | Knight |
| 17:32 | Build | Farm |
| 17:35 | Create | Villager (Male) |
| 17:38 | Research | Bodkin Arrow |
| 17:38 | Research | Bodkin Arrow |
| 17:38 | Create | Villager (Male) |
| 17:41 | Create | Villager (Male) |
| 17:54 | Research | Ballistics |
| 17:54 | Research | Ballistics |
| 17:56 | Create | Villager (Male) |
| 18:19 | Build | House |
Match timeline
| 0:26 | marijndestoyer · wall_segment Palisade Wall x1 |
| 0:38 | marijndestoyer · wall_segment Palisade Wall x1 |
| 1:07 | marijndestoyer · wall_segment Palisade Wall x1 |
| 1:44 | gua · first_building Stable |
| 2:06 | marijndestoyer · wall_segment Palisade Wall x1 |
| 2:11 | marijndestoyer · wall_segment Palisade Wall x1 |
| 2:23 | marijndestoyer · wall_segment Palisade Wall x1 |
| 2:37 | marijndestoyer · first_building Stable |
| 4:58 | gua · wall_segment Palisade Wall x1 |
| 6:56 | marijndestoyer · first_building Barracks |
| 8:09 | marijndestoyer · age_up castle |
| 8:33 | gua · age_up castle |
| 8:41 | gua · first_building Monastery |
| 11:10 | marijndestoyer · first_building Monastery |
| 11:11 | gua · first_building Archery Range |
| 14:51 | marijndestoyer · first_building Siege Workshop |
| 17:11 | gua · first_building Krepost |
| 21:48 | marijndestoyer · first_building Castle |
| 23:28 | gua · age_up imperial |
| 23:44 | marijndestoyer · age_up imperial |
| 27:26 | gua · first_building Barracks |
| 29:24 | gua · first_building Castle |
| 34:04 | marijndestoyer · first_market_buy 100 stone |
| 34:11 | gua · first_building Siege Workshop |
| 36:55 | gua · resign |
[ AI ANALYSIS · 1 CREDIT ]
What really happened in this match?
Wolo.gg analyzes every decision: build order, eco, micro, common mistakes by bracket. Personalized analysis on WhatsApp or Discord in 30 seconds.
Civ guide
Teutons
Perfil
Jugador #229529